 Dungeon Crawl Stone Soup version 0.27.1-33-g824d729ab1 (webtiles) character file.

Game seed: 11776409193287600769

87 KittyFluff the Cudgeller (level 4, -4/43 HPs)
             Began as a Gargoyle Berserker on Dec 27, 2021.
             Was a Follower of Trog.
             Killed by divine providence
             ... invoked by an orc priest
              (12 damage)
             ... on level 2 of the Dungeon.
             The game lasted 00:06:15 (1376 turns).

KittyFluff the Cudgeller (Gargoyle Berserker)       Turns: 1376, Time: 00:06:15

Health: -4/43      AC: 22    Str: 21    XL:     4   Next: 51%
Magic:  4/4        EV:  2    Int:  7    God:    Trog [*.....]
Gold:   57         SH:  0    Dex: 16    Spells: 3/3 levels left

rFire    . . .     SeeInvis .   a - +0 mace
rCold    . . .     Faith    .   (no shield)
rNeg     + + +     Spirit   .   (armour currently unavailable)
rPois    ∞         Reflect  .   (helmet currently unavailable)
rElec    .         Harm     .   (cloak currently unavailable)
rCorr    .         Rampage  .   (gloves currently unavailable)
Will     .....     NoTele   +   (boots currently unavailable)
Stlth    ++........             (no amulet)
HPRegen  0.14/turn              g - +6 ring of dexterity
MPRegen  0.09/turn              (no ring)

@: tree-form (expiring)
A: stationary, stasis, torment immunity, boosted hp, sickness immunity, AC +3,
negative energy resistance 1, (electricity resistance), torment resistance 1,
petrification resistance
a: Renounce Religion, Berserk


You were on level 2 of the Dungeon.
You worshipped Trog.
Trog was aware of your devotion.
You were a tree.
You visited 1 branch of the dungeon, and saw 2 of its levels.

You collected 57 gold pieces.

Inventory:

Hand Weapons
 a - a +0 mace (weapon)
 f - a +0 whip
 h - a +0 spear
Missiles
 i - 25 arrows
 m - 13 sling bullets
Armour
 b - a +0 animal skin (melded)
 d - a +0 pair of gloves (melded)
Jewellery
 g - a +6 ring of dexterity (left branch)
Scrolls
 k - a scroll of vulnerability {unknown}
Potions
 c - a potion of brilliance {unknown}
 e - a potion of curing {unknown}
 l - a potion of heal wounds {unknown}


   Skills:
 + Level 4.0 Fighting
 + Level 4.2 Maces & Flails
 + Level 2.5 Armour
 + Level 2.0 Dodging
 + Level 0.5 Stealth


You had 3 spell levels left.
You didn't know any spells.
Your spell library was empty.

Dungeon Overview and Level Annotations

Branches:
Dungeon (2/15)

Altars:


Innate Abilities, Weirdness & Mutations

You are a tree.
Your roots penetrate the ground, keeping you stationary.
You cannot be teleported.
You are immune to unholy pain and torment.
Your maximum health is greatly increased.
Your equipment is partially melded.
You are immune to sickness and miasma.
((Your stone body is resilient. (AC +3)))
You are immune to poison.
You resist negative energy. (rN+)
((You are resistant to electric shocks. (rElec)))
You are resistant to unholy torment.
You are immune to petrification.


Message History

You cannot move.
You cannot move.
You cannot move.
You cannot move.
You cannot move.
You cannot move.
You cannot move.
You cannot move.
You cannot move.
You hear some strange, mumbled words.
A puff of flame appears from out of thin air!
The puff of flame hits you but does no damage.
You cannot move.
You cannot move.
You cannot move.
You cannot move.
You cannot move.
Something hits you.
* * * LOW HITPOINT WARNING * * *
You cannot move.
You cannot move.
You hear some strange, mumbled words.
A magic dart appears from out of thin air!
The magic dart hits you but does no damage.
You cannot move.
Something hits you but does no damage.
You cannot move.
You cannot move.
Okay, then.
You cannot move.
You cannot move.
Something hits you but does no damage. Something hits you but does no damage.
Something hits you but does no damage.
Your transformation is almost over.
You hear some strange, mumbled words.
Something tries to affect you, but you resist.
The orc priest mumbles some strange prayers to Beogh against you.
Beogh smites you!
You die...

#.# #.# #.# ## #.# .. #
##.### .# ## ##†...# .#
.## ##.#.#.# .# ##.
..####...##.######o#.....
..'.............♣{o......
..####...##.######.#.....
.## ##.....# .# ... ##
#.##### .. . # #.# ###
#.# #.# #.#


You could see an orc priest and an orc.

Vanquished Creatures
  An orc priest (D:2)
  A gnoll (D:1)
  An adder (D:2)
  2 dart slugs (D:1)
  An orc (D:2)
  3 bats (D:1)
  2 endoplasms
  A giant cockroach (D:2)
  3 hobgoblins (D:1)
  4 jackals (D:1)
  A quokka (D:1)
  A ball python (D:1)
  5 frilled lizards (D:1)
  A goblin (D:1)
  5 kobolds (D:1)
  6 rats
38 creatures vanquished.

Notes
Turn   | Place    | Note
-------+----------+-------------------------------------------
     0 | D:1      | KittyFluff the Gargoyle Berserker began the quest for the
                  | Orb.
     0 | D:1      | Reached XP level 1. HP: 14/14 MP: 1/1
   267 | D:1      | Reached XP level 2. HP: 18/19 MP: 2/2
   413 | D:1      | Reached XP level 3. HP: 13/24 MP: 3/3
  1030 | D:1      | Found a faded altar of an unknown god.
  1359 | D:2      | Reached XP level 4. HP: 11/29 MP: 4/4
  1376 | D:2      | Killed from afar by an orc priest

Illustrated notes

Levels and vault maps discovered:
D:1:      lordsloth_arrival_two_stooges, layout_basic, basic_ecumenical_altar
D:2:      layout_loops_corners, eino_curves_04

Skill      XL: |  1  2  3  4 |
---------------+-------------+-----
Fighting       | 4 |  4.0
Maces & Flails | 4 |  4.2
Dodging        | 2 |  2.0
Armour         | |  2.5
Stealth        | |  0.5

Action                   |  1- 3 |  4- 6 || total
-------------------------+-------+-------++-------
Melee: Mace              |   107 |     6 ||   113
  Use: Potion            |     1 |       ||     1
Armor: Animal skin       |    35 |       ||    35
       Skin              |     3 |    13 ||    16
Dodge: Dodged            |    73 |     1 ||    74
